 Dungeon Crawl Stone Soup version 0.17.0-28-g6e173f8 (webtiles) character file.

128 dohliylev the Covert (level 4, 0/33 HPs)
             Began as a Vampire Assassin on Dec 1, 2015.
             Was a Follower of Dithmenos.
             Slain by Natasha (4 damage)
             ... on level 4 of the Dungeon.
             The game lasted 00:09:06 (1989 turns).

dohliylev the Covert (Vampire Assassin)             Turns: 1989, Time: 00:09:06

Health: 0/33       AC:  3    Str: 10    XL:     4   Next: 86%
Magic:  4/4        EV: 12    Int: 13    God:    Dithmenos [*.....]
Gold:   113        SH:  0    Dex: 16    Spells: 0 memorised, 3 levels left

rFire  . . .     SeeInvis +     a - +2 dagger
rCold  . . .     Clarity  .     c - +0 robe
rNeg   + . .     SustAt   .     (no shield)
rPois  .         Gourm    .     (no helmet)
rElec  .         Spirit   .     d - +0 cloak
rCorr  .         Warding  .     (no gloves)
rMut   .         Stasis   .     (no boots)
MR     .....                    (no amulet)
Stlth  +++++.....               (no ring)
                                (no ring)

@: slowed, wreathed by umbra, very slow, not resistant to hostile enchantments,
quite stealthy
A: fangs 3, see invisible, unbreathing
a: Bat Form, Renounce Religion


You were on level 4 of the Dungeon.
You worshipped Dithmenos.
Dithmenos was aware of your devotion.
You were not thirsty.

You visited 1 branch of the dungeon, and saw 4 of its levels.

You collected 113 gold pieces.

Inventory:

Hand Weapons
 a - a +2 dagger (weapon)
 b - a +0 blowgun
Missiles
 f - 2 curare-tipped needles
 s - 4 poisoned needles
Armour
 c - a +0 robe (worn)
 d - a +0 cloak (worn)
Scrolls
 h - 6 scrolls of identify {unknown}
 j - 2 scrolls of amnesia {unknown}
 k - a scroll of magic mapping {unknown}
 n - a scroll of immolation {unknown}
 p - 2 scrolls of blinking {unknown}
 q - 4 scrolls of remove curse {unknown}
 t - a scroll of fog {unknown}
Potions
 e - a potion of lignification {unknown}
 g - 13 potions of blood
 i - a potion of heal wounds {unknown}
 l - a potion of curing {unknown}
 m - a potion of invisibility {unknown}
 o - a potion of resistance {unknown}
 r - a potion of brilliance {unknown}


   Skills:
 + Level 2.1 Fighting
 + Level 2.2 Short Blades
 * Level 1.9 Throwing
 + Level 2.0 Dodging
 + Level 8.6 Stealth


You had 3 spell levels left.
You didn't know any spells.

Dungeon Overview and Level Annotations

Branches:
Dungeon (4/15)
 Temple: D:4-7

Altars:
Dithmenos
Zin

Annotations:
D:4 Natasha


Innate Abilities, Weirdness & Mutations

You have razor-sharp teeth.
You have supernaturally acute eyesight.
You can survive without breathing.


Message History

Natasha barely misses you.
Wield which item (- for none, * to show all)? (? for menu, Esc to quit)
a - a +2 dagger (weapon)
You completely miss Natasha.
Natasha is lightly wounded.
Natasha barely misses you. Natasha claws you.
* * * LOW HITPOINT WARNING * * *
Natasha hisses.
Natasha barely misses you.
You climb downwards.
There is a stone staircase leading up here.
You hit Natasha.
Natasha is heavily wounded.
Natasha misses you.
You closely miss Natasha.
Natasha is heavily wounded.
Natasha claws you.
* * * LOW HITPOINT WARNING * * *
Natasha claws you.
You die...

.. #.# #. .
..#.. .. ..
.#.. .. ... ...
.##### ##..#..
..... .......
...
###....#.#.##
..5....@....#
.##....#h......
#.... .#.....
#.### ## #### #


You could see Natasha and a shadow imp.

Vanquished Creatures
  Ijyb (D:2)
  4 adders (D:2)
  An ooze (D:1)
  3 worms
  3 giant geckos (D:1)
  2 bats
  14 goblins
  4 hobgoblins
  7 jackals
  A quokka (D:2)
  2 giant cockroaches (D:1)
  4 giant newts
  4 kobolds
  3 rats (D:1)
53 creatures vanquished.

Notes
Turn   | Place    | Note
--------------------------------------------------------------
     0 | D:1      | dohliylev the Vampire Assassin began the quest for the Orb.
     0 | D:1      | Reached XP level 1. HP: 16/16 MP: 1/1
    48 | D:1      | Reached skill level 6 in Stealth
   101 | D:1      | Reached XP level 2. HP: 1/22 MP: 2/2
   415 | D:1      | Reached skill level 7 in Stealth
   887 | D:2      | Reached XP level 3. HP: 27/27 MP: 3/3
   891 | D:2      | Found a glowing silver altar of Zin.
   993 | D:2      | Found a shadowy altar of Dithmenos.
  1003 | D:2      | Became a worshipper of Dithmenos the Shadowed
  1376 | D:2      | Reached skill level 8 in Stealth
  1395 | D:2      | Reached XP level 4. HP: 24/33 MP: 4/4
  1462 | D:2      | Noticed Ijyb
  1480 | D:2      | Killed Ijyb
  1898 | D:3      | Reached * piety under Dithmenos
  1959 | D:3      | Noticed Natasha
  1989 | D:4      | Slain by Natasha

Action                   |  1- 3 |  4- 6 || total
-------------------------+-------+-------++-------
Melee: Dagger            |    80 |    55 ||   135
 Fire: Blowgun           |    15 |    15 ||    30
 Stab: Sleeping          |    18 |     9 ||    27
       Distracted        |       |     1 ||     1
  Eat: Corpse            |     4 |     3 ||     7
